 Dungeon Crawl Stone Soup version 0.31-a0-1300-gb6740aa4e6 (webtiles) character file.

Game seed: 16978456991617355094

478 mopl the Sneak (level 7, -7/48 HPs)
             Began as an Octopode Brigand on Dec 18, 2023.
             Splashed by a jelly's acid (8 damage)
             ... on level 5 of the Dungeon.
             The game lasted 00:04:37 (3563 turns).

mopl the Sneak (Octopode Brigand)                   Turns: 3563, Time: 00:04:37

Health: -7/48      AC:  1    Str: 10    XL:     7   Next: 11%
Magic:  7/7        EV: 13    Int: 13    God:
Gold:   193        SH:  0    Dex: 16    Spells: 6/6 levels left

rFire   . . .        a - +2 dagger
rCold   . . .        (no shield)
rNeg    . . .        (helmet restricted)
rPois   .            i - amulet of faith {!P}
rElec   .            (no ring)
rCorr   .            (no ring)
SInv    .            (no ring)
Will    .....        (no ring)
Stlth   +++++        (no ring)
HPRegen 0.28/turn    (no ring)
MPRegen 0.10/turn    (no ring)
                     (no ring)

%: faith
@: no status effects
A: almost no armour, amphibious, 8 rings, camouflage 1, gelatinous body 1,
(nimble swimmer 1), tentacles
a: no special abilities


You were on level 5 of the Dungeon.
You visited 1 branch of the dungeon, and saw 5 of its levels.

You collected 193 gold pieces.

Inventory:

Hand Weapons
 a - a +2 dagger (weapon)
 k - a +1 antimagic short sword
Missiles
 b - 23 poisoned darts (quivered)
 c - 3 curare-tipped darts
 o - 6 boomerangs
Armour
 s - a +0 tower shield
Jewellery
 i - an amulet of faith (around mantle) {!P}
Scrolls
 d - a scroll of vulnerability {unknown}
 e - a scroll of summoning {unknown}
 g - 5 scrolls of identify {unknown}
 h - 4 scrolls of teleportation {unknown}
 m - a scroll of enchant weapon {unknown}
 n - a scroll of enchant armour {unknown}
 q - a scroll of noise {unknown}
Potions
 f - 2 potions of mutation {unknown}
 j - a potion of degeneration {unknown}
 l - 2 potions of curing {unknown}
 p - a potion of berserk rage {unknown}
 r - a potion of enlightenment {unknown}


   Skills:
 + Level 4.0 Fighting
 + Level 3.9 Short Blades
 + Level 4.0 Throwing
 - Level 1.0 Dodging
 + Level 7.2 Stealth
 + Level 1.4 Shields


You had 6 spell levels left.
You didn't know any spells.
Your spell library contained the following spells:

 Spells                   Type           Power      Damage    Failure   Level
 Sting                    Tmut/Pois      0%         1d3       30%         1
 Poisonous Vapours        Pois/Air       0%         N/A       43%         2
 Call Canine Familiar     Summ           0%         N/A       67%         3
 Sigil of Binding         Hex            0%         N/A       67%         3
 Dimensional Bullseye     Hex/Tloc       0%         N/A       97%         4
 Olgreb's Toxic Radiance  Pois           0%         N/A       97%         4


Dungeon Overview and Level Annotations

Branches:
Dungeon (5/15)
 Temple: D:4-7

Altars:
Makhleb


Innate Abilities, Weirdness & Mutations

You cannot wear most types of armour.
You are amphibious.
You can wear up to eight rings at the same time.
Your skin changes colour to match your surroundings (Stealth+).
Your rubbery body absorbs attacks. (AC +1, EV +1)
((You are camouflaged when in or above water. (Stealth+)))
You have tentacles for arms and can constrict up to eight enemies at once.


Message History

The black bear bites you. The black bear closely misses you.
The black bear barely misses you.
You hit the black bear.
The black bear is lightly wounded.
You constrict the black bear. The black bear closely misses you.
The black bear claws you. The black bear closely misses you.
You hit the black bear.
The black bear is moderately wounded.
You constrict the black bear. The black bear bites you!
The black bear closely misses you. The black bear misses you.
You hit the black bear. You tentacle-slap the black bear.
The black bear is severely wounded.
You constrict the black bear.
The black bear completely misses you. x2
The black bear claws you. The jelly hits you but does no damage.
You hit the black bear. You squeeze the black bear.
The black bear is almost dead.
You constrict the black bear. You hit the black bear.
The black bear is almost dead.
You constrict the black bear.
You kill the black bear!
The jelly hits you.
You are splashed with acid!
Your Fighting skill increases to level 4!
Your Throwing skill increases to level 4!
You have reached level 7!
You aren't carrying any items that you can evoke.
Okay, then.
You hit the jelly.
Your tentacles burn!
* * * LOW HITPOINT WARNING * * *
The jelly is lightly wounded.
The jelly hits you.
* * * LOW HITPOINT WARNING * * *
You are splashed with acid!
* * * LOW HITPOINT WARNING * * *
You barely miss the jelly.
The jelly is lightly wounded.
The jelly hits you.
* * * LOW HITPOINT WARNING * * *
You are splashed with acid!
You die...

#....W......#......#..>..
#...........#......#.....
#...........#......#.....
.
#...........#......'.....
#
#..########+#......#..###
#..#...............#..###
#..#...............#...#.
#..+...............#...#.
#...†@..........###.##
#...J#########....#.##
#.... #....#... .......
#....#... ..#....
#....#... . #....
######### +.... #....


You could see a jelly.

Vanquished Creatures
  A black bear (D:5)
  A phantom (D:5)
  A scorpion (D:5)
  2 orc priests
  Terence (D:3)
  A sleepcap (D:4)
  3 adders
  A white imp (D:5)
  A worm (D:3)
  5 dart slugs
  18 orcs
  6 bats
  An endoplasm (D:4)
  4 giant cockroaches
  6 goblins
  7 hobgoblins
  2 jackals (D:4)
  5 quokkas
  8 ball pythons
  6 frilled lizards
  3 kobolds
  4 rats
87 creatures vanquished.

Notes
Turn   | Place    | Note
-------+----------+-------------------------------------------
     0 | D:1      | mopl the Octopode Brigand began the quest for the Orb.
     0 | D:1      | Reached XP level 1. HP: 14/14 MP: 1/1
    63 | D:1      | Noticed a shining eye
    68 | D:1      | Found a faded altar of an unknown god.
    72 | D:1      | Noticed an eye of devastation
    72 | D:1      | Noticed a golden eye
    72 | D:1      | Noticed a glass eye
   203 | D:1      | Reached XP level 2. HP: 19/19 MP: 2/2
   640 | D:1      | Reached XP level 3. HP: 25/25 MP: 3/3
  1035 | D:2      | You fall into a shaft and drop 1 floor!
  1182 | D:3      | Noticed Terence
  1186 | D:3      | Killed Terence
  1187 | D:3      | Reached skill level 6 in Stealth
  1187 | D:3      | Reached XP level 4. HP: 30/30 MP: 4/4
  1531 | D:3      | Reached skill level 3 in Throwing
  1573 | D:2      | Reached skill level 3 in Fighting
  2062 | D:4      | Reached XP level 5. HP: 36/36 MP: 5/5
  2078 | D:4      | Reached skill level 3 in Short Blades
  2441 | D:4      | Found a burning altar of Makhleb.
  2882 | D:5      | Entered Level 5 of the Dungeon
  2888 | D:5      | Reached XP level 6. HP: 15/42 MP: 6/6
  3410 | D:5      | Reached skill level 7 in Stealth
  3410 | D:5      | Reached skill level 1 in Shields
  3550 | D:5      | Noticed a black bear
  3561 | D:5      | Killed a black bear
  3562 | D:5      | Reached skill level 4 in Fighting
  3562 | D:5      | Reached skill level 4 in Throwing
  3562 | D:5      | Reached XP level 7. HP: 19/48 MP: 7/7
  3563 | D:5      | HP: 1/48 [jelly (3)]
  3563 | D:5      | Splashed by a jelly's acid

Illustrated notes

Levels and vault maps discovered:
D:1:      minmay_arrival_up_and_down, layout_loops_cross,
          hellmonk_ecumenical_altar_watching_god, serial_forest,
          infiniplex_forest_straight_2, infiniplex_forest_end_1,
          infiniplex_forest_clump_long, infiniplex_forest_lined_3
D:2:      layout_rooms, eino_tiny_chamber
D:3:      layout_basic, kennysheep_generic_room_10, uniq_terence
D:4:      layout_cave_pods, mainiacjoe_overflow_alcove_4
D:5:      layout_gridville

Skill      XL: |  1  2  3  4  5  6 |
---------------+-------------------+-----
Stealth        | 6 7 |  7.2
Throwing       | 3 4 |  4.0
Fighting       | 3 4 |  4.0
Short Blades   | 3 |  3.9
Shields        | 1 |  1.4
Dodging        | |  1.0

Action                     |  1- 3 |  4- 6 |  7- 9 || total
---------------------------+-------+-------+-------++-------
  Melee: Dagger            |    64 |   139 |     2 ||   205
         Constrict         |    10 |    29 |       ||    39
         Tentacles         |     6 |    36 |       ||    42
         Punch             |       |     2 |       ||     2
   Stab: Sleeping          |    19 |    14 |       ||    33
 Armour: Skin              |    24 |    58 |     2 ||    84
  Dodge: Dodged            |    22 |    83 |       ||   105

Table legend: (Time is in decaauts)
 A = Elapsed time spent in this place.
 B = Non-inter-level travel time spent in this place.
 C = Inter-level travel time spent in this place.
 D = Time resting spent in this place.
 E = Time spent auto-exploring this place.
 F = Levels seen in this place.
 G = Mean time per level.
                   A        B        C        D        E       F      G
               +--------+--------+--------+--------+--------+-----+--------+
         Total |   3535 |   3292 |    243 |    319 |   2376 |   5 |  707.0 |
       Dungeon |   3535 |   3292 |    243 |    319 |   2376 |   5 |  707.0 |
               +--------+--------+--------+--------+--------+-----+--------+

Top non-repeatable levels by time:
     D:4: 1066 daAuts
     D:3: 812 daAuts
     D:1: 802 daAuts
     D:5: 496 daAuts
     D:2: 357 daAuts
